 Dungeon Crawl Stone Soup version 0.29-a0-613-gf2c431b9b9 (webtiles) character file.

Game seed: 10435855623356805112

9 blackman the Sneak (level 2, -3/24 HPs)
             Began as a Human Delver on June 16, 2022.
             Was an Initiate of Zin.
             Slain by an orc
             ... wielding a +0 morningstar
              (5 damage)
             ... on level 3 of the Dungeon.
             The game lasted 00:06:28 (522 turns).

blackman the Sneak (Human Delver)                    Turns: 522, Time: 00:06:29

Health: -3/24      AC:  6    Str: 12    XL:     2   Next: 25%
Magic:  2/2        EV: 12    Int: 10    God:    Zin [......]
Gold:   21         SH:  0    Dex: 14    Spells: 1/1 levels left

rFire   . . .      SeeInvis .   a - +0 hand axe
rCold   . . .      Faith    .   (no shield)
rNeg    . . .      Spirit   .   b - +0 leather armour
rPois   .          Reflect  .   (no helmet)
rElec   .          Harm     .   (no cloak)
rCorr   .          Rampage  .   f - +2 pair of gloves
Will    .....                   (no boots)
Stlth   +++.......              (no amulet)
HPRegen 0.08/turn               (no ring)
MPRegen 0.08/turn               (no ring)

@: weak-willed, studying Polearms
A: no striking features
a: Renounce Religion, Donate Gold


You were on level 3 of the Dungeon.
You worshipped Zin.
Zin was noncommittal.
You visited 2 branches of the dungeon, and saw 4 of its levels.

You collected 23 gold pieces.
You donated 2 gold pieces to Zin.

Inventory:

Hand Weapons
 a - a +0 hand axe (weapon)
Armour
 b - a +0 leather armour (worn)
 f - a +2 pair of gloves (worn)
Wands
 g - a wand of digging (3)
Scrolls
 c - a scroll of fog


   Skills:
 + Level 3.0 Fighting
 - Level 2.0(2.5) Axes
 * Level 2.3(2.7) Polearms
 - Level 2.0 Dodging
 - Level 5.0 Stealth


You had one spell level left.
You didn't know any spells.
Your spell library was empty.

Dungeon Overview and Level Annotations

Branches:
Dungeon (5/15)             Temple (1/1) D:5

Altars:
Ashenzari
Cheibriados
Dithmenos
Gozag
Hepliaklqana
Kikubaaqudgha
Nemelex Xobeh
Okawaru
Qazlal
Sif Muna
Trog
Uskayaw
Vehumet
Wu Jian
Xom
Zin
The Shining One


Message History

You hit the orc.
You kill the orc!
You hit the orc. You hit the orc but do no damage.
The orc hits you but does no damage. The orc misses you.
The orc barely misses you. The orc hits you with a +0 dagger.
* * * LOW HITPOINT WARNING * * *
The orc attacks as you move away! The orc misses you.
The orc hits you but does no damage.
There is an ancient bone altar of Kikubaaqudgha here.
Things that are here:
a +0 club; an orc corpse The orc barely misses you.
You hit the orc but do no damage.
The orc is lightly wounded.
You hit the orc. The orc hits you with a +0 morningstar.
* * * LOW HITPOINT WARNING * * *
The orc hits you but does no damage.
You hit the orc but do no damage.
The orc is lightly wounded.
You closely miss the orc. The orc barely misses you.
The orc closely misses you.
You closely miss the orc.
The orc is heavily wounded.
You hit the orc but do no damage. The orc closely misses you.
The orc barely misses you.
You closely miss the orc.
The orc wizard shouts!
Your punch misses the orc.
The orc is heavily wounded.
You barely miss the orc. The orc hits you but does no damage.
The orc closely misses you.
You closely miss the orc.
The orc is heavily wounded.
You hit the orc. The orc barely misses you. The orc completely misses you.
You closely miss the orc.
The orc is heavily wounded.
You hit the worm but do no damage. You hit the orc but do no damage.
The orc closely misses you. The worm misses you.
The orc hits you but does no damage. The orc hits you with a +0 morningstar.
You die...

##.## ##...###
#......####.
#####..........
...........###.#####
######.....# ##...##
#....## ##...?.##
##'#### #...o...###
##...## #..@_o....#
##.....##
#..ow...#.#
##.......##
##.....##.#
##.........#
##...##.r#
.'o........+
.#####.J##
##.........#
#...##o.#
##o......##
#...##..# ##.....##
#.......# ##o..##
#.#.#...#


You could see a worm, an orc wizard and 2 orcs.

Vanquished Creatures
  A worm (D:3)
  An orc (D:3)
  An endoplasm (D:3)
  A giant cockroach (D:3)
  A ball python (D:4)
  A rat (D:3)
6 creatures vanquished.

Notes
Turn   | Place    | Note
-------+----------+-------------------------------------------
     0 | D:5      | blackman the Human Delver began the quest for the Orb.
     0 | D:5      | Reached XP level 1. HP: 18/18 MP: 1/1
    12 | D:5      | Noticed a hound
    13 | D:5      | Found a staircase to the Ecumenical Temple.
    13 | D:5      | Noticed an orc wizard
    13 | D:5      | Noticed an orc wizard
    20 | Temple   | Entered the Ecumenical Temple
   293 | Temple   | Became a worshipper of Zin the Law-Giver
   410 | D:3      | Found an opulent altar of Gozag.
   410 | D:3      | Found a radiant altar of Vehumet.
   424 | D:3      | Reached skill level 1 in Polearms
   465 | D:3      | Noticed an orc priest
   467 | D:3      | Noticed an orc wizard
   498 | D:3      | Found an ancient bone altar of Kikubaaqudgha.
   510 | D:3      | Reached XP level 2. HP: 5/24 MP: 2/2
   513 | D:3      | Zin protects you from harm!
   517 | D:3      | HP: 1/24 [orc/+0 morningstar (4)]
   522 | D:3      | Slain by an orc

Illustrated notes

Levels and vault maps discovered:
D:3:      layout_loops_corners, lemuel_round_altar,
          chequers_temple_overflow_minitemple, serial_shops,
          nicolae_lakefront_shop, nicolae_lakefront_shop, uniq_jessica,
          uniq_crazy_yiuf_cottage, uniq_terence
D:4:      layout_basic, lemuel_mausoleum_altar_yredelemnul
D:5:      kennysheep_six_static_rooms, layout_rooms,
          nicolae_ru_the_path_less_chosen, minmay_temple_entry_waves
Temple:   minmay_temple_curvy_branch

Skill      XL: |  1 |
---------------+----+-----
Polearms       | 2 |  2.3
Fighting       | |  3.0
Axes           | |  2.0
Dodging        | |  2.0
Stealth        | |  5.0

Action                   || total
-------------------------++-------
Melee: Hand axe          ||    28
  Use: Scroll            ||     4
       Potion            ||     2
Armor: Leather armour    ||    20
Dodge: Dodged            ||    50

Table legend: (Time is in decaauts)
 A = Elapsed time spent in this place.
 B = Non-inter-level travel time spent in this place.
 C = Inter-level travel time spent in this place.
 D = Time resting spent in this place.
 E = Time spent auto-exploring this place.
 F = Levels seen in this place.
 G = Mean time per level.
                   A        B        C        D        E       F      G
               +--------+--------+--------+--------+--------+-----+--------+
         Total |    505 |    454 |     51 |      0 |    260 |   4 |  126.2 |
       Dungeon |    203 |    201 |      2 |      0 |     14 |   3 |   67.7 |
        Temple |    302 |    253 |     49 |      0 |    246 |   1 |  302.0 |
               +--------+--------+--------+--------+--------+-----+--------+

Top non-repeatable levels by time:
  Temple: 302 daAuts
     D:3: 149 daAuts
     D:5: 32 daAuts
     D:4: 21 daAuts
